AoeStats
← Galahad

Black Forest

509257606Analyzed
4v4 RM · 5d ago on Sep 26, 2026· 41m 3s· 8 players
Game mode
Random Map
Map size
Large (8 player)
Population
200
Speed
Normal
Resources
Standard
Victory
Conquest
Starting age
Dark Age
Ending age
Imperial Age
RankedLock teamsTeams togetherTeam positionsShared explorationLock speedFull tech treeHidden civsTurbo modeCheats
Victory
Defeat
🇨🇴 Byzantines · Colombia
1017
+13
🇨🇴 Danes · Colombia
1014
+13
🇨🇴 Persians · Colombia
1006
+13
🇵🇪 Bohemians · Peru
993
+14
🇦🇷 Khitans · Argentina
982
-15
🇦🇷 Celts · Argentina
943
-13
🇦🇷 Britons · Argentina
930
-13
🇦🇷 Bulgarians · Argentina
928
-12
Jc
12:34 Feudal Age
14:03 Double-Bit Axe
16:22 Loom
16:25 Fishing Lines
19:02 Castle Age
19:38 Wheelbarrow
20:39 Bow Saw
21:27 Fervor
22:18 Hand Cart
23:27 Gillnets
26:58 Imperial Age
24:14 Town Watch
26:30 Chemistry
30:27 Two-Man Saw
29:06 Pikeman
29:46 Squires
30:22 Arson
30:40 Scale Mail Armor
31:34 Halberdier
33:52 Chain Mail Armor
33:48 Forging
35:06 Plate Mail Armor
35:57 Iron Casting
37:23 Padded Archer Armor
39:41 Capped Ram
39:42 Houfnice
DICO
0:54 Loom
12:40 Feudal Age
16:47 Castle Age
15:06 Double-Bit Axe
18:42 Bow Saw
20:40 Arson
21:13 Town Watch
27:27 Horse Collar
29:31 Forging
36:52 Imperial Age
34:58 Wheelbarrow
39:00 Iron Casting
38:26 Scale Mail Armor
38:33 Stone Mining
38:36 Gold Mining
39:03 Hand Cart
41:51 Blast Furnace
41:07 Chain Mail Armor
Galahad
1:11 Loom
14:22 Feudal Age
18:43 Castle Age
16:57 Double-Bit Axe
16:56 Horse Collar
18:17 Fishing Lines
22:38 Gillnets
24:33 Bow Saw
26:25 Wheelbarrow
26:30 Heavy Plow
26:57 Stone Mining
34:20 Imperial Age
31:53 Padded Archer Armor
31:44 Fletching
31:57 Scale Mail Armor
32:08 Forging
32:18 Hand Cart
32:43 Treadmill Crane
33:26 Ballistics
33:14 Elite Skirmisher
34:00 Thumb Ring
34:39 Stone Shaft Mining
33:56 Gold Mining
34:03 Pikeman
34:44 Squires
34:45 Arson
34:22 Elite Varangian Guard
35:57 Conscription
36:15 Hoardings
36:01 Bodkin Arrow
36:25 Leather Archer Armor
36:26 Chain Mail Armor
36:27 Bodkin Arrow
37:14 Gold Shaft Mining
38:52 Chemistry
38:04 Fortified Wall
39:02 Ring Archer Armor
39:03 Plate Mail Armor
yatsude
13:35 Feudal Age
11:53 Loom
18:00 Castle Age
17:04 Double-Bit Axe
21:47 Wheelbarrow
21:53 Fishing Lines
22:48 Bow Saw
23:09 Gillnets
24:03 Town Watch
24:09 Horse Collar
27:03 Heavy Plow
28:22 Husbandry
32:50 Imperial Age
31:00 Hand Cart
31:13 Scale Barding Armor
31:20 Forging
31:25 Gold Mining
31:58 Bloodlines
32:15 Chain Barding Armor
32:09 Masonry
32:51 Gold Shaft Mining
32:58 Cavalier
34:13 Crop Rotation
34:49 Chemistry
34:55 Savar
36:34 Plate Barding Armor
36:35 Iron Casting
36:26 Conscription
39:30 Blast Furnace
39:48 Caravan
Gil laburante
0:34 Loom
12:08 Feudal Age
12:33 Double-Bit Axe
14:00 Domestication
17:12 Castle Age
18:13 Pastoralism
20:02 Wheelbarrow
24:39 Fortified Wall
24:09 Treadmill Crane
28:43 Bow Saw
29:55 Hand Cart
30:41 Masonry
30:32 Gold Mining
30:32 Stone Mining
33:20 Imperial Age
30:35 Man-at-Arms
31:01 Gambesons
31:01 Arson
31:38 Squires
32:36 Forging
32:27 Scale Mail Armor
32:37 Long Swordsman
35:35 Elite Liao Dao
36:30 Lamellar Armor
FATIGA
3:02 Loom
11:25 Feudal Age
12:22 Horse Collar
13:41 Double-Bit Axe
19:56 Castle Age
17:52 Stone Mining
17:54 Gold Mining
21:31 Bow Saw
28:24 Wheelbarrow
28:03 Scale Barding Armor
29:31 Hand Cart
29:58 Forging
29:55 Town Watch
30:36 Chain Barding Armor
33:29 Imperial Age
31:20 Heavy Plow
31:57 Iron Casting
32:22 Stirrups
34:02 Bloodlines
33:53 Husbandry
34:45 Plate Barding Armor
35:11 Blast Furnace
34:12 Elite Konnik
Fedenyahu
1:19 Loom
13:11 Feudal Age
17:24 Castle Age
17:06 Horse Collar
17:15 Double-Bit Axe
19:50 Gold Mining
20:13 Bow Saw
22:31 Fletching
26:01 Stone Mining
26:16 Heavy Plow
28:02 Wheelbarrow
27:16 Town Watch
29:14 Hand Cart
29:51 Gold Shaft Mining
29:41 Bodkin Arrow
29:46 Padded Archer Armor
32:43 Imperial Age
31:28 Town Patrol
33:06 Leather Archer Armor
33:33 Forging
33:47 Ballistics
33:39 Masonry
33:40 Fortified Wall
33:32 Murder Holes
34:45 Chemistry
33:57 Fortified Wall
33:58 Masonry
33:54 Siege Engineers
33:45 Murder Holes
37:20 Caravan
37:50 Coinage
37:30 Guilds
38:15 Warwolf
38:36 Conscription
37:38 Elite Longbowman
38:38 Bracer
39:11 Ring Archer Armor
40:42 Architecture
39:53 Treadmill Crane
40:07 Heated Shot
Ajusticio giles
0:26 Loom
10:55 Feudal Age
17:25 Castle Age
15:34 Double-Bit Axe
15:41 Horse Collar
19:18 Bow Saw
21:49 Heavy Plow
27:30 Caravan
33:11 Imperial Age
33:16 Heavy Scorpion
35:07 Furor Celtica
35:19 Conscription
36:41 Chemistry
38:40 Conscription
38:34 Gold Mining
39:26 Wheelbarrow
Connection lost

Rejoining the realm…

Still unreachable

The connection could not be restored.

Session expired

The server has moved on; the page needs a fresh start.